 Dungeon Crawl Stone Soup version 0.30-a0-40-gc6d0f036a7 (console) character file.

Game seed: 12835575856820894381

90 petzl the Vexing (level 4, 0/32 (33) HPs)
             Began as a Formicid Arcane Marksman on Aug 29, 2022.
             Slain by an orc
             ... wielding a +0 whip
              (2 damage)
             ... on level 6 of the Dungeon.
             The game lasted 00:05:15 (2046 turns).

petzl the Vexing (Formicid Arcane Marksman)         Turns: 2046, Time: 00:05:16

HP:   0/32 (33)     AC:  3    Str: 14    XL:     4   Next: 85%
MP:   7/7           EV: 12    Int: 15    God:
Gold: 163           SH:  5    Dex: 14    Spells: 7/8 levels left

rFire   . . .      SeeInvis +    a - +1 sling
rCold   . . .      Faith    .    (no shield)
rNeg    . . .      Spirit   .    i - +0 leather armour
rPois   .          Reflect  +    (helmet unavailable)
rElec   .          Harm     .    (no cloak)
rCorr   .          Rampage  .    (no gloves)
Will    .....                    (no boots)
Stlth   ++........               f - amulet of reflection
HPRegen 0.10/turn                (no ring)
MPRegen 0.10/turn                (no ring)

@: lightly drained
A: permanent stasis, dig shafts and tunnels, antennae 3, four strong arms
a: Dig, Shaft Self


You were on level 6 of the Dungeon.
You visited 1 branch of the dungeon, and saw 4 of its levels.

You collected 163 gold pieces.

Inventory:

Hand Weapons
 a - a +1 sling (weapon)
 o - a +0 short sword
Missiles
 j - 6 poisoned darts
 l - 5 javelins
Armour
 i - a +0 leather armour (worn)
Magical Staves
 n - a staff of cold
Jewellery
 f - an amulet of reflection (around neck)
Scrolls
 b - a scroll of poison
 c - 2 scrolls of identify {unknown}
 e - a scroll of enchant armour {unknown}
 g - a scroll of amnesia {unknown}
Potions
 d - a potion of brilliance {unknown}
 h - a potion of mutation {unknown}
 k - a potion of curing {unknown}
 m - a potion of berserk rage {unknown}


   Skills:
 + Level 1.8 Fighting
 + Level 2.4 Ranged Weapons
 + Level 1.3 Armour
 + Level 2.2 Dodging
 + Level 1.6 Stealth
 * Level 2.5 Spellcasting
 - Level 3.6 Hexes


You had 7 spell levels left.
You knew the following spells:

 Your Spells              Type           Power      Damage    Failure   Level
a - Slow                  Hex            48%        N/A       6%          1

Your spell library contained the following spells:

 Spells                   Type           Power      Damage    Failure   Level
 Inner Flame              Hex/Fire       7%         N/A       36%         3
 Portal Projectile        Hex/Tloc       14%        N/A       36%         3
 Cause Fear               Hex            6%         N/A       50%         4


Dungeon Overview and Level Annotations

Branches:
Dungeon (3/15)

Altars:
Yredelemnul


Innate Abilities, Weirdness & Mutations

You cannot be hasted, slowed, berserked, paralysed or teleported.
You can dig through walls and to a lower floor.
You have a pair of large antennae on your head. (SInv)
Your four strong arms can wield two-handed weapons with a shield.


Message History

The orc wizard misses you.
Unknown command.
Fire: a) +1 sling
Press: ? - help, Q - select action, (/) - cycle Shift-Dir - straight line, f/p - orc wizard
Aim: an orc wizard, wielding a +0 dagger and wearing a +0 robe (heavily wounded, 50% to hit)
You shoot a sling bullet.
The sling bullet hits the orc wizard but does no damage.
The orc wizard is heavily wounded.
The orc wizard casts a spell at you. The magic dart hits you.
Fire: a) +1 sling
Press: ? - help, Q - select action, (/) - cycle Shift-Dir - straight line, f/p - orc wizard
Aim: an orc wizard, wielding a +0 dagger and wearing a +0 robe (heavily wounded, 50% to hit)
You shoot a sling bullet. The sling bullet hits the orc wizard.
The orc wizard is almost dead.
The orc wizard hits you but does no damage.
You block the orc wizard's attack.
Fire: a) +1 sling
Press: ? - help, Q - select action, (/) - cycle Shift-Dir - straight line, f/p - orc wizard
Aim: an orc wizard, wielding a +0 dagger and wearing a +0 robe (almost dead, 50% to hit)
You shoot a sling bullet. The sling bullet hits the orc wizard.
You kill the orc wizard!
Unknown command.
Fire: a) +1 sling
Press: ? - help, Q - select action, (/) - cycle Shift-Dir - straight line, f - orc
Aim: an orc, wielding a +0 whip and wearing a +0 ring mail (61% to hit)
You shoot a sling bullet. The sling bullet hits the orc.
The orc is heavily wounded.
The orc hits you with a +0 whip.
* * * LOW HITPOINT WARNING * * *
Fire: a) +1 sling
Press: ? - help, Q - select action, (/) - cycle Shift-Dir - straight line, f/p - orc
Aim: an orc, wielding a +0 whip and wearing a +0 ring mail (heavily wounded, 61% to hit)
You shoot a sling bullet.
The sling bullet hits the orc but does no damage.
The orc is heavily wounded.
The orc hits you with a +0 whip.
* * * LOW HITPOINT WARNING * * *
The orc hits you with a +0 whip.
You die...

### .##### #@##
###....#### ###o#
###.........#
#..#####............
###...##............
###.##............
##.##..o........
#.##...........
#.{#............
##{#.............
#..{{............
##...{............
####.{............
##....o.........
##......o........
#................
#................
#................
#..................
...................


You could see an orc.

Vanquished Creatures
  An orc wizard (D:6)
  An adder (D:2)
  A dart slug (D:1)
  2 orcs
  7 endoplasms
  3 giant cockroaches
  3 goblins (D:1)
  6 hobgoblins
  5 kobolds
  3 quokkas (D:1)
  3 ball pythons (D:1)
  4 bats
  3 frilled lizards
  5 rats
47 creatures vanquished.

Notes
Turn   | Place    | Note
-------+----------+-------------------------------------------
     0 | D:1      | petzl the Formicid Arcane Marksman began the quest for the
                  | Orb.
     0 | D:1      | Reached XP level 1. HP: 15/15 MP: 2/2
   215 | D:1      | Reached XP level 2. HP: 21/21 MP: 4/4
   277 | D:1      | Found a faded altar of an unknown god.
   553 | D:1      | Reached XP level 3. HP: 20/26 MP: 5/5
   723 | D:1      | Reached skill level 1 in Stealth
  1262 | D:1      | Reached skill level 1 in Armour
  1505 | D:2      | Found a basalt altar of Yredelemnul.
  1541 | D:2      | Reached XP level 4. HP: 21/33 MP: 1/7
  1980 | D:3      | You fall into a shaft and drop 3 floors!
  1997 | D:6      | Noticed an orc warrior
  2046 | D:6      | Slain by an orc

Illustrated notes

Levels and vault maps discovered:
D:1:      arrival_zaba_pyramid, layout_loops_ring,
          chequers_ecumenical_altar_island, serial_rivers,
          chequers_serial_rivers_room_b, chequers_serial_rivers_micro_d,
          chequers_serial_rivers_small_a, chequers_serial_rivers_marsh,
          chequers_serial_rivers_micro_c, chequers_serial_rivers_small_a
D:2:      layout_basic, basic_altar
D:3:      layout_loops_corners, mainiacjoe_overflow_chevrons, serial_rivers,
          chequers_serial_rivers_small_b, chequers_serial_rivers_marsh,
          chequers_serial_rivers_micro_c, chequers_serial_rivers_marsh
D:6:      layout_layer_cave

Skill      XL: |  1  2  3 |
---------------+----------+-----
Dodging        | 2 |  2.2
Stealth        | 1 |  1.6
Spellcasting   | 2 |  2.5
Armour         | 1 |  1.3
Fighting       | |  1.8
Ranged Weapons | |  2.4
Hexes          | |  3.6

Action                   |  1- 3 |  4- 6 || total
-------------------------+-------+-------++-------
Melee: Sling             |       |     1 ||     1
 Fire: Sling             |   125 |    34 ||   159
 Cast: Slow              |     7 |       ||     7
 Abil: Dig               |       |     2 ||     2
       Shaft Self        |       |     1 ||     1
Armor: Robe              |     4 |       ||     4
       Leather armour    |     4 |     7 ||    11
Dodge: Dodged            |    39 |    10 ||    49
Block: Other             |     5 |     5 ||    10

Table legend: (Time is in decaauts)
 A = Elapsed time spent in this place.
 B = Non-inter-level travel time spent in this place.
 C = Inter-level travel time spent in this place.
 D = Time resting spent in this place.
 E = Time spent auto-exploring this place.
 F = Levels seen in this place.
 G = Mean time per level.
                   A        B        C        D        E       F      G
               +--------+--------+--------+--------+--------+-----+--------+
         Total |   2108 |   1988 |    120 |    454 |   1119 |   4 |  527.0 |
       Dungeon |   2108 |   1988 |    120 |    454 |   1119 |   4 |  527.0 |
               +--------+--------+--------+--------+--------+-----+--------+

Top non-repeatable levels by time:
     D:1: 1338 daAuts
     D:2: 604 daAuts
     D:3: 94 daAuts
     D:6: 69 daAuts
